 Dungeon Crawl Stone Soup version 0.31.0-32-g396128a36d (webtiles) character file.

Game seed: 14334063752318014225

54 yinzer the Magician (level 3, 0/19 HPs)
             Began as a Deep Elf Air Elementalist on Apr 3, 2024.
             Slain by Pargi (1 damage)
             ... on level 3 of the Dungeon.
             The game lasted 00:08:42 (3152 turns).

yinzer the Magician (Deep Elf Air Elementalist)     Turns: 3152, Time: 00:08:43

Health: 0/19       AC:  3    Str:  5    XL:     3   Next: 66%
Magic:  18/19      EV: 13    Int: 21    God:
Gold:   130        SH:  0    Dex: 15    Spells: 5/9 levels left

rFire   . . .        g - +0 short sword
rCold   . . .        (no shield)
rNeg    . . .        a - +0 robe
rPois   .            r - +0 helmet
rElec   .            (no cloak)
rCorr   .            (no gloves)
SInv    .            (no boots)
Will    .....        (no amulet)
Stlth   ++           n - ring of magical power
HPRegen 0.23/turn    (no ring)
MPRegen 0.16/turn

%: no passive effects
@: no status effects
A: no striking features
a: no special abilities


You were on level 3 of the Dungeon.
You visited 1 branch of the dungeon, and saw 3 of its levels.

You collected 130 gold pieces.

Inventory:

Hand Weapons
 g - a +0 short sword (weapon)
Missiles
 s - a throwing net
Armour
 a - a +0 robe (worn)
 r - a +0 helmet (worn)
Jewellery
 n - a ring of magical power (left hand)
Scrolls
 c - a scroll of amnesia {unknown}
 e - a scroll of teleportation {unknown}
 f - a scroll of enchant weapon {unknown}
 h - a scroll of blinking {unknown}
 i - a scroll of brand weapon {unknown}
 j - a scroll of silence {unknown}
 o - a scroll of revelation {unknown}
 p - a scroll of identify {unknown}
Potions
 b - a potion of magic
 d - 2 potions of haste {unknown}
 k - a potion of cancellation {unknown}
 l - a potion of degeneration {unknown}
 m - a potion of curing {unknown}
 q - a potion of lignification {unknown}
 t - a potion of might {unknown}


   Skills:
 - Level 3.0 Dodging
 + Level 3.1 Stealth
 + Level 3.6 Spellcasting
 + Level 2.0 Conjurations
 + Level 3.4 Air Magic


You had 5 spell levels left.
You knew the following spells:

 Your Spells              Type           Power      Damage    Failure   Level
a - Shock                 Conj/Air       60%        1d6       4%          1
b - Swiftness             Air            18%        N/A       9%          3

Your spell library contained the following spells:

 Spells                   Type           Power      Damage    Failure   Level
 Static Discharge         Conj/Air       30%        3-5/arc   6%          2
 Ensorcelled Hibernation  Hex/Ice        6%         N/A       19%         2
 Airstrike                Air            9%         2d(2-18)  30%         4
 Passwall                 Erth           3%         N/A       36%         3


Dungeon Overview and Level Annotations

Branches:
Dungeon (3/15)

Altars:

Annotations:
D:1 1 runed translucent door
D:2 Sigmund
D:3 Pargi


Message History

Pargi bites you but does no damage. Pargi claws you but does no damage.
Pargi completely misses you.
Aiming: Shock (safe; 4% risk of failure)
Press: ? - help, Q - select action, (/) - cycle Shift-Dir - straight line The zap misses Pargi.
The zap hits Pargi.
Pargi is lightly wounded.
Pargi bites you. Pargi claws you but does no damage. Pargi claws you.
Aiming: Shock (safe; 4% risk of failure)
Press: ? - help, Q - select action, (/) - cycle Shift-Dir - straight line The zap hits Pargi.
Pargi is lightly wounded.
The zap hits Pargi.
Pargi is lightly wounded.
Pargi bites you but does no damage. Pargi claws you. Pargi barely misses you.
Aiming: Shock (safe; 4% risk of failure)
Press: ? - help, Q - select action, (/) - cycle Shift-Dir - straight line The zap hits Pargi.
Pargi is moderately wounded.
The zap hits Pargi.
Pargi is moderately wounded.
Pargi looks very sad for a moment.
Pargi bites you. Pargi closely misses you. x2
Casting: Shock (safe; 4% risk of failure)
Confirm with . or Enter, or press ? or * to list all spells.
You feel quick. Pargi barely misses you. Pargi claws you but does no damage. x2
Pargi attacks as he pursues you! Pargi closely misses you. Pargi misses you.
Pargi claws you.
You start to feel a little slower.
You feel sluggish.
You start to feel a little faster.
Pargi attacks as he pursues you! Pargi bites you but does no damage.
Pargi claws you but does no damage. Pargi claws you. Pargi bites you.
Pargi closely misses you. x2
You no longer feel sluggish.
Pargi attacks as he pursues you! Pargi bites you!
* * * LOW HITPOINT WARNING * * *
Pargi closely misses you. Pargi claws you.
* * * LOW HITPOINT WARNING * * *
Pargi attacks as he pursues you! Pargi bites you.
You die...

##
#..........................
#.#.#####.............
#.#.......<..........(
####.#.#########...#..#..
......................#.#
####.#...................
#.#.......T..).....#.#
#.#####.##.##.#.......
#.#####.##.##@#.####.#
#............T..# .#
#######.##.##.######.
#.............. ..##
#.##.##.######. #.##
#.##.##.# #.## #.##.##.#
..## #.##.##.# #.##
#.##.##.# #.##


You could see Pargi.

Vanquished Creatures
  An adder (D:3)
  2 dart slugs (D:1)
  3 ball pythons (D:1)
  3 endoplasms
  A giant cockroach (D:3)
  2 goblins
  5 hobgoblins
  5 jackals
  2 quokkas
  2 bats
  3 frilled lizards
  5 kobolds
  4 rats
38 creatures vanquished.

Notes
Turn   | Place    | Note
-------+----------+-------------------------------------------
     0 | D:1      | yinzer the Deep Elf Air Elementalist began the quest for
                  | the Orb.
     0 | D:1      | Reached XP level 1. HP: 10/10 MP: 6/6
     1 | D:1      | Found a runed translucent door.
   430 | D:1      | Reached XP level 2. HP: 15/15 MP: 4/8
  1646 | D:2      | Reached XP level 3. HP: 19/19 MP: 6/9
  1650 | D:2      | Learned a level 3 spell: Swiftness
  2101 | D:2      | Noticed Sigmund
  2887 | D:3      | Noticed Pargi
  3152 | D:3      | Slain by Pargi

Illustrated notes

Levels and vault maps discovered:
D:1:      dpeg_arrival_caged_fury, layout_rooms, nrook_campfire
D:2:      layout_basic, grunt_ministairs_13, minivault_5,
          nicolae_elevator_lobby_plus, uniq_sigmund
D:3:      kennysheep_the_goblin_king, layout_basic,
          shapermc_ecumenical_altar_flowoftime, uniq_grinder, uniq_pargi

Skill      XL: |  1  2  3 |
---------------+----------+-----
Stealth        | 3 |  3.1
Dodging        | 3 |  3.0
Conjurations   | 2 |  2.0
Spellcasting   | |  3.6
Air Magic      | |  3.4

Action                     || total
---------------------------++-------
  Melee: Unarmed           ||     3
         Short sword       ||     9
         Punch             ||     1
   Cast: Shock             ||    79
         Swiftness         ||     2
 Armour: Robe              ||    33
  Dodge: Dodged            ||    32
